 Dungeon Crawl Stone Soup version 0.18.1-5-g4a78601 (webtiles) character file.

1836 Heskey the Fighter (level 9, -4/62 HPs)
             Began as a Gargoyle Fighter on May 12, 2016.
             Was a Believer of Qazlal.
             Slain by a killer bee (5 damage)
             ... on level 6 of the Dungeon.
             The game lasted 00:09:17 (4320 turns).

Heskey the Fighter (Gargoyle Fighter)               Turns: 4320, Time: 00:09:18

Health: -4/62      AC: 19    Str: 23 (24) XL:     9   Next: 11%
Magic:  9/9        EV: 10    Int: 12 (13) God:    Qazlal [**....]
Gold:   187        SH: 13    Dex: 13 (14) Spells: 0 memorised, 8 levels left

rFire  + . .     SeeInvis .     d - +2 flail (crush)
rCold  + . .     Gourm    .     l - +0 chain mail
rNeg   + . .     Faith    .     c - +1 shield
rPois  ∞         Spirit   .     b - +2 helmet
rElec  +         Dismiss  .     (no cloak)
rCorr  +         Reflect  .     (no gloves)
SustAt +         Harm     .     (no boots)
MR     .....                    p - amulet of rage
Stlth  ..........               (no ring)
                                u - ring of sustain attributes

@: brilliant, agile, resistant, very slightly contaminated, hasted, very quick,
not resistant to hostile enchantments, extremely unstealthy
A: negative energy resistance 1, electricity resistance, unbreathing,
petrification resistance, rot immunity, AC +5
a: Upheaval, Renounce Religion, Evoke Berserk Rage


You were on level 6 of the Dungeon.
You worshipped Qazlal.
Qazlal was pleased with you.
You were not hungry.

You visited 1 branch of the dungeon, and saw 8 of its levels.

You collected 187 gold pieces.

Inventory:

Hand Weapons
 d - a +2 flail of crushing (weapon)
Armour
 b - a +2 helmet (worn)
 c - a +1 shield (worn)
 l - a +0 chain mail (worn)
Jewellery
 p - an amulet of rage (around neck)
 u - a ring of sustain attributes (left hand)
Wands
 m - a wand of polymorph (12/24)
Scrolls
 o - 6 scrolls of identify
 q - 2 scrolls of remove curse
 r - 4 scrolls of fog
 w - a scroll of enchant armour
 y - a scroll of random uselessness {unknown}
Potions
 a - a potion of degeneration
 e - 2 potions of curing
 g - a potion of haste
Comestibles
 f - 4 bread rations
 h - 3 beef jerkies
 i - a slice of pizza
 j - 16 fruits
 n - 2 royal jellies
 t - a meat ration


   Skills:
 * Level 9.6 Fighting
 + Level 5.9 Maces & Flails
 + Level 7.0 Armour
 - Level 3.2 Shields


You had 8 spell levels left.
You didn't know any spells.

Dungeon Overview and Level Annotations

Branches:
Dungeon (8/15)             Temple (0/1) D:4
   Lair: D:8-11

Altars:
Ashenzari
Cheibriados
Fedhas
Gozag
Kikubaaqudgha
Nemelex Xobeh
Pakellas
Qazlal
Ru
Sif Muna
Vehumet
Yredelemnul
Zin
The Shining One

Annotations:
D:6 Menkaure


Innate Abilities, Weirdness & Mutations

You are resistant to torment.
Your stone body is resilient (AC +5).
You are immune to poison.
You resist negative energy.
You are resistant to electric shocks.
You can survive without breathing.
You are immune to petrification.
You are immune to rotting.


Message History

The killer bee is engulfed in freezing vapours.
You block the killer bee's attack. You block the ice beast's attack.
You sock the ice beast!
The ice beast is heavily wounded.
The killer bee misses you.
The killer bee is engulfed in freezing vapours.
You kill the killer bee!
Qazlal accepts your kill. You block the killer bee's attack.
You block the killer bee's attack.
Found a stone staircase leading up.
A giant frog and Menkaure come into view.
The giant frog croaks.
The orc priest calls down the wrath of Beogh upon you.
Pain shoots through your body!
* * * LOW HITPOINT WARNING * * *
A crimson imp comes into view.
You block the giant frog's attack. The giant frog misses you.
The killer bee stings you.
You die...

##########
#........#
#........#
#........###
#...<......
#........#
..#....$...#
..5.M..@F..#
###....y...#
###....###
##.o..###
###..§Y#
#o.#y###
#..y>y.#
##..##.###
#.)##...#


You could see Menkaure, a giant frog, 4 killer bees, an orc priest, a crimson
imp and an orc.

Vanquished Creatures
  A two-headed ogre (D:8)
  Eustachio (D:6)
  2 ice beasts
  An orc warrior (D:6)
  2 ogres
  3 phantoms
  A wyvern skeleton (D:7)
  A killer bee (D:6)
  2 scorpions
  A giant frog zombie (D:5)
  2 orc priests
  3 giant frog skeletons
  4 orc wizards
  An iguana (D:5)
  4 worker ants
  3 gnolls (D:3)
  10 adders
  An ooze (D:4)
  2 dart slugs (D:1)
  3 worms
  2 giant geckos
  19 orcs
  4 ball pythons
  7 giant cockroaches
  5 goblins
  3 hobgoblins
  3 jackals (D:1)
  A quokka (D:2)
  8 bats
  7 giant newts
  8 kobolds
  A quokka skeleton (D:8)
  5 rats
121 creatures vanquished.

Vanquished Creatures (others)
  An orc priest (D:6)
  An adder skeleton (D:6)
  2 orcs (D:6)
4 creatures vanquished.

Grand Total: 125 creatures vanquished

Notes
Turn   | Place    | Note
--------------------------------------------------------------
     0 | D:1      | Heskey the Gargoyle Fighter began the quest for the Orb.
     0 | D:1      | Reached XP level 1. HP: 14/14 MP: 1/1
   131 | D:1      | Reached XP level 2. HP: 19/19 MP: 2/2
   681 | D:1      | Reached skill level 4 in Fighting
   706 | D:1      | Reached XP level 3. HP: 24/24 MP: 3/3
  1292 | D:2      | Reached XP level 4. HP: 27/30 MP: 4/4
  1892 | D:3      | Found an ancient bone altar of Kikubaaqudgha.
  1896 | D:3      | Found a sacrificial altar of Ru.
  1907 | D:3      | Found an oddly glowing altar of Pakellas.
  1908 | D:3      | Found a glowing silver altar of Zin.
  1909 | D:3      | Found a basalt altar of Yredelemnul.
  1909 | D:3      | Found a snail-covered altar of Cheibriados.
  1910 | D:3      | Found a deep blue altar of Sif Muna.
  1912 | D:3      | Found a shattered altar of Ashenzari.
  1913 | D:3      | Found an opulent altar of Gozag.
  1914 | D:3      | Found a stormy altar of Qazlal.
  1950 | D:3      | Became a worshipper of Qazlal Stormbringer
  2055 | D:3      | Reached skill level 5 in Fighting
  2114 | D:3      | Reached XP level 5. HP: 14/35 MP: 5/5
  2346 | D:3      | Found a glowing golden altar of the Shining One.
  2573 | D:3      | Reached * piety under Qazlal
  2757 | D:4      | Noticed a phantom
  2758 | D:4      | Noticed a phantom
  2787 | D:4      | Killed a phantom
  2787 | D:4      | Reached XP level 6. HP: 30/41 MP: 6/6
  2801 | D:4      | Killed a phantom
  2801 | D:4      | Reached skill level 6 in Fighting
  2801 | D:4      | Reached skill level 5 in Armour
  2917 | D:4      | Reached XP level 7. HP: 31/47 MP: 7/7
  3122 | D:4      | Found a sparkling altar of Nemelex Xobeh.
  3208 | D:4      | Found a staircase to the Ecumenical Temple.
  3381 | D:5      | Entered Level 5 of the Dungeon
  3556 | D:5      | Reached skill level 7 in Fighting
  3701 | D:5      | You fall through a shaft for 3 floors!
  3812 | D:8      | Reached XP level 8. HP: 53/54 MP: 8/8
  3859 | D:8      | Found a blossoming altar of Fedhas.
  3872 | D:8      | Reached skill level 8 in Fighting
  3932 | D:8      | Noticed a two-headed ogre
  3940 | D:8      | Killed a two-headed ogre
  3940 | D:8      | Reached skill level 5 in Maces & Flails
  4075 | D:6      | Noticed Eustachio
  4075 | D:6      | Reached skill level 9 in Fighting
  4084 | D:6      | Reached ** piety under Qazlal
  4093 | D:6      | Killed Eustachio
  4093 | D:6      | Reached XP level 9. HP: 25/61 MP: 9/9
  4100 | D:6      | Found a radiant altar of Vehumet.
  4317 | D:6      | Noticed Menkaure
  4317 | D:6      | HP: 1/62 [orc priest/nerve-wracking pain (5)]
  4320 | D:6      | Slain by a killer bee

Skill      XL: |  1  2  3  4  5  6  7  8  9 |
---------------+----------------------------+-----
Fighting       | 4 5 6 7 9 |  9.6
Armour         | 4 5 6 7 |  7.0
Maces & Flails | 3 4 5 |  5.9
Shields        | |  3.2

Action                   |  1- 3 |  4- 6 |  7- 9 || total
-------------------------+-------+-------+-------++-------
Melee: Flail             |   134 |   194 |   158 ||   486
  Use: Scroll            |     3 |     3 |     5 ||    11
       Potion            |       |     2 |     9 ||    11
  Eat: Chunk             |     1 |     5 |       ||     6
       Meat ration       |       |       |     1 ||     1
       Fruit             |       |       |     1 ||     1
Armor: Scale mail        |    36 |       |       ||    36
       Chain mail        |    51 |   122 |   135 ||   308
Dodge: Dodged            |    50 |    49 |    48 ||   147
Block: Shield            |    77 |   103 |   161 ||   341
